 Dungeon Crawl Stone Soup version 0.20.1-1-g8b1a95d (webtiles) character file.

36934 Gaplan the Severer (level 13, -9/122 HPs)
             Began as a Minotaur Berserker on July 17, 2017.
             Was a High Priest of Trog.
             Mangled by an azure jelly (12 damage)
             ... on level 1 of the Pits of Slime.
             The game lasted 00:46:52 (16748 turns).

Gaplan the Severer (Minotaur Berserker)            Turns: 16748, Time: 00:46:52

Health: -9/122     AC:  3    Str: 26    XL:     13   Next: 55%
Magic:  4/4        EV: 12    Int:  4    God:    Trog [*****.]
Gold:   673        SH:  0    Dex: 11    Spells: 12/12 levels left

rFire    x . .     SeeInvis .   M - +5 battleaxe (antimagic)
rCold    + . .     Gourm    +   (shield currently unavailable)
rNeg     . . .     Faith    .   C - +3 chain mail
rPois    .         Spirit   .   (helmet restricted)
rElec    .         Reflect  .   O - +0 cloak
rCorr    .         Harm     .   (no gloves)
MR       .....                  S - +0 pair of boots
Stlth    ..........             p - amulet of the gourmand
Regen    0.3/turn               k - ring of flight
MPRegen  0.1/turn               r - ring of ice

@: about to teleport, corroded, berserk cooldown, slowed, very slow
A: retaliatory headbutt, horns 2
a: Berserk, Trog's Hand, Brothers in Arms, Burn Spellbooks, Renounce Religion,
Evoke Flight


You were on level 1 of the Pits of Slime.
You worshipped Trog.
Trog was extremely pleased with you.
You were not hungry.

You visited 3 branches of the dungeon, and saw 17 of its levels.

You collected 1000 gold pieces.
You spent 327 gold pieces at shops.

Inventory:

Hand Weapons
 a - a +0 hand axe
 F - a +2 antimagic executioner's axe
 M - a +5 antimagic battleaxe (weapon)
Armour
 C - a +3 chain mail (worn)
 O - a +0 cloak (worn)
 S - a +0 pair of boots (worn)
Jewellery
 j - an uncursed amulet of magic regeneration
 k - a ring of flight (left hand)
 p - an amulet of the gourmand (around neck)
 r - a ring of ice (right hand)
Wands
 I - a wand of iceblast (8/15)
Scrolls
 e - 2 scrolls of fear {unknown}
 g - 2 scrolls of recharging
 h - 12 scrolls of identify
 l - a scroll of amnesia
 m - 2 scrolls of magic mapping
 o - 9 scrolls of teleportation
 q - 7 scrolls of remove curse
 s - 2 scrolls of immolation {unknown}
 u - a scroll of enchant armour {unknown}
 y - 2 scrolls of noise {unknown}
 z - a scroll of fog {unknown}
 A - a scroll of brand weapon
 D - 2 scrolls of enchant weapon {unknown}
 E - a scroll of blinking {unknown}
 G - a scroll of random uselessness {unknown}
Potions
 b - a potion of mutation {unknown}
 d - 2 potions of berserk rage
 f - 3 potions of agility
 i - 3 potions of cancellation
 v - 2 potions of flight
 w - 2 potions of curing
 B - 3 potions of ambrosia
 H - a potion of lignification
 N - a potion of brilliance {unknown}
 T - 2 potions of invisibility {unknown}
Books
 K - a book of Debilitation

   Spells                             Type                      Level
   a - Corona                         Hexes                        1
   b - Slow                           Hexes                        2
   c - Inner Flame                    Hexes/Fire                   3
   d - Portal Projectile              Hexes/Translocation          3
   e - Cause Fear                     Hexes                        4
   f - Leda's Liquefaction            Hexes/Earth                  4
   Trog disapproves of the use of such an item.
 L - a book of Battle

   Spells                             Type                      Level
   a - Infusion                       Charms                       1
   b - Shroud of Golubria             Charms/Translocation         2
   c - Song of Slaying                Charms                       2
   d - Spectral Weapon                Hexes/Charms                 3
   e - Regeneration                   Charms/Necromancy            3
   Trog disapproves of the use of such an item.
 R - a book of Callings

   Spells                             Type                      Level
   a - Summon Small Mammal            Summoning                    1
   b - Call Imp                       Summoning                    2
   c - Call Canine Familiar           Summoning                    3
   d - Summon Guardian Golem          Hexes/Summoning              3
   e - Summon Lightning Spire         Summoning/Air                4
   f - Summon Ice Beast               Ice/Summoning                4
   Trog disapproves of the use of such an item.
Miscellaneous
 t - a phial of floods
Comestibles
 c - 9 bread rations
 n - 7 royal jellies
 x - 4 meat rations
 J - 6 fruits


   Skills:
 + Level 13.2 Fighting
 + Level 18.3 Axes
 + Level 13.5 Armour
 + Level 7.0 Dodging
 - Level 0.1 Stealth
 + Level 1.2 Evocations


You had 12 spell levels left.
You didn't know any spells.

Dungeon Overview and Level Annotations

Branches:
Dungeon (10/15)            Temple (0/1) D:5            Lair (5/6) D:9
 Shoals (0/4) Lair:2        Snake (0/4) Lair:3        Slime (2/5) Lair:5
    Orc: D:9-12

Altars:
Ashenzari
Dithmenos
Gozag
Hepliaklqana
Nemelex Xobeh
Qazlal
Ru
Uskayaw
Vehumet
Yredelemnul
The Shining One
Beogh

Shops:
D:4 ?   D:7 *   D:8 [

Annotations:
Lair:2 Snorg
Lair:4 exclusion: oklob plant


Innate Abilities, Weirdness & Mutations

You reflexively headbutt those who attack you in melee.
You have a pair of horns on your head.


Message History

The azure jelly hits you but does no damage. x3
The great orb of eyes gazes at you. You resist with significant effort.
You climb upwards.
You feel your anger subside.
You are no longer berserk.
Trog's vigour flows through your veins.
You are exhausted.
You feel yourself slow down.
There is a stone staircase leading down here.
As you read the scroll of teleportation, it crumbles to dust.
You feel strangely unstable. The acid blob spits acid at you.
The splash of acid hits you!
* * * LOW HITPOINT WARNING * * *
The acid corrodes you!
You are splashed with acid!
The acid burns!
* * * LOW HITPOINT WARNING * * *
The azure jelly hits you!
* * * LOW HITPOINT WARNING * * *
The azure jelly freezes you! You resist.
You die...

##.##........###.##
##.............#... ##
####...#...##....###.##.##
##.##.........#...###......#
...................##.....## ##
...##......................## ##.
.## ###.....................# #..
..## ##......#J.J......##.## #.
...#####........@...........# ##
....##.#...#....JJ....#....#####.
..........................#...#..
.................................
..........................#......
.#.....###.......................
..#....##....##.................#
.##....#.....................#...
##....###...........#....##.##...


You could see an acid blob, an azure jelly and 2 slime creatures.

Vanquished Creatures
  An acid blob (Slime:1)
  2 azure jellies (Slime:1)
  Fannar (Lair:1)
  A hydra (Lair:4)
  Erica (D:8)
  5 two-headed ogres
  Nergalle (Lair:2)
  3 black mambas
  4 elephants
  The ghost of Energizer the Chopper, a novice HOAK of Lugonu (D:5)
  Psyche (D:8)
  A merfolk siren (Lair:2)
  A torpor snail (Lair:2)
  9 spiny frogs
  A rime drake (Lair:2)
  2 komodo dragons
  13 blink frogs
  22 slime creatures
  4 hippogriffs
  4 wyverns
  Eustachio (D:5)
  A spriggan (D:8)
  14 yaks
  2 hungry ghosts
  2 steam dragons
  A basilisk (Lair:4)
  4 nagas (Lair:3)
  8 water moccasins
  15 porcupines
  3 orc warriors
  2 sky beasts
  2 ice beasts
  6 black bears
  An eye of draining (Slime:2)
  6 ogres
  4 centaurs
  7 wolves
  6 crocodiles
  4 big kobolds
  2 gnoll sergeants
  13 bullfrogs
  A scorpion (D:6)
  2 vampire bats (D:5)
  2 crimson imps
  A bullfrog zombie (D:8)
  A quasit (D:10)
  2 jellies
  8 orc priests
  A bullfrog skeleton (D:4)
  7 hounds
  3 iguanas
  An iron imp (D:5)
  Jessica (D:3)
  10 orc wizards
  A centaur skeleton (D:9)
  5 worker ants
  A hound zombie (D:9)
  2 hound skeletons
  2 worker ant zombies
  Robin (D:3)
  11 gnolls
  15 adders
  2 shadow imps
  2 oozes
  2 adder skeletons (D:5)
  A dart slug (D:2)
  8 leopard geckos
  36 orcs
  7 giant cockroaches
  2 gnoll zombies (D:9)
  16 goblins
  11 hobgoblins
  11 jackals
  17 kobolds
  6 quokkas
  2 ball pythons
  14 bats
  10 frilled lizards
  A goblin zombie (D:5)
  A hobgoblin zombie (D:5)
  A jackal skeleton (D:6)
  4 kobold skeletons (D:5)
  4 kobold zombies (D:5)
  An orc zombie (D:5)
  5 rats
  11 fungi
  11 plants
446 creatures vanquished.

Vanquished Creatures (others)
  A kobold (D:9)
  14 fungi
  A plant (Lair:4)
16 creatures vanquished.

Grand Total: 462 creatures vanquished

Notes
Turn   | Place    | Note
-------+----------+-------------------------------------------
     0 | D:1      | Gaplan the Minotaur Berserker began the quest for the Orb.
     0 | D:1      | Reached XP level 1. HP: 19/19 MP: 0/0
   344 | D:1      | Reached XP level 2. HP: 23/27 MP: 1/1
   514 | D:1      | Reached skill level 4 in Axes
   866 | D:2      | Reached XP level 3. HP: 12/34 MP: 2/2
  1246 | D:2      | Found a hazy altar of Hepliaklqana.
  1371 | D:2      | Reached ** piety under Trog
  1547 | D:2      | Reached XP level 4. HP: 38/41 MP: 3/3
  1689 | D:3      | Noticed Robin
  1701 | D:3      | Killed Robin
  2219 | D:3      | Found a sparkling altar of Nemelex Xobeh.
  2219 | D:3      | Noticed Jessica
  2225 | D:3      | Killed Jessica
  2225 | D:3      | Reached XP level 5. HP: 32/47 MP: 4/4
  2420 | D:4      | Reached skill level 5 in Fighting
  2420 | D:4      | Reached skill level 5 in Axes
  2697 | D:4      | Found Tocasiup's Magic Scroll Shoppe.
  2700 | D:4      | Bought a scroll of brand weapon for 240 gold pieces
  2700 | D:4      | Bought a scroll of identify for 24 gold pieces
  2752 | D:4      | Reached XP level 6. HP: 47/56 MP: 5/5
  2995 | D:4      | Reached *** piety under Trog
  3047 | D:5      | Entered Level 5 of the Dungeon
  3104 | D:5      | Noticed Energizer's ghost (novice HOAK)
  3307 | D:6      | Reached skill level 6 in Axes
  3307 | D:6      | Reached skill level 5 in Armour
  3718 | D:6      | Reached XP level 7. HP: 49/62 MP: 6/6
  4000 | D:5      | Found a glowing golden altar of the Shining One.
  4039 | D:5      | Noticed Eustachio
  4171 | D:5      | Killed Eustachio
  4171 | D:5      | Reached skill level 7 in Axes
  4359 | D:5      | Reached XP level 8. HP: 71/71 MP: 7/7
  4640 | D:6      | Found a shattered altar of Ashenzari.
  4648 | D:6      | You fall through a shaft for 2 floors!
  4663 | D:7      | Reached skill level 8 in Axes
  4676 | D:7      | Found Gozag's Platinum Reserve.
  4682 | D:7      | Found an opulent altar of Gozag.
  4717 | D:7      | Reached **** piety under Trog
  4856 | D:7      | Found a transporter.
  4870 | D:7      | Found a roughly hewn altar of Beogh.
  4872 | D:7      | Noticed a two-headed ogre
  4879 | D:7      | Killed a two-headed ogre
  4879 | D:7      | Reached skill level 9 in Axes
  4879 | D:7      | Reached skill level 5 in Dodging
  4879 | D:7      | Reached XP level 9. HP: 63/79 MP: 8/8
  4905 | D:7      | HP: 3/80 [orc (3)]
  4907 | D:7      | HP: 1/80 [orc (3)]
  5263 | D:7      | Found a transporter.
  5311 | D:7      | Reached skill level 10 in Axes
  6013 | D:7      | Paralysed by fainting for 9 turns
  6513 | D:6      | Reached skill level 1 in Evocations
  6612 | D:5      | Killed Energizer's ghost
  6612 | D:5      | Reached skill level 11 in Axes
  6668 | D:5      | Reached ***** piety under Trog
  6721 | D:5      | Found a staircase to the Ecumenical Temple.
  7461 | D:8      | Reached XP level 10. HP: 86/90 MP: 9/9
  7486 | D:8      | Found a stormy altar of Qazlal.
  7645 | D:8      | Noticed a two-headed ogre
  7655 | D:8      | Killed a two-headed ogre
  7655 | D:8      | Reached skill level 10 in Armour
  7834 | D:8      | Found a shadowy altar of Dithmenos.
  7834 | D:8      | Noticed Psyche
  7847 | D:8      | Killed Psyche
  7908 | D:8      | Received a gift from Trog
  7921 | D:8      | Found a radiant altar of Vehumet.
  7936 | D:8      | Found Gykkoove's Armour Boutique.
  7948 | D:8      | Bought a +0 cloak for 63 gold pieces
  7954 | D:8      | Found a hide-covered altar of Uskayaw.
  8016 | D:8      | Noticed Erica
  8028 | D:8      | Killed Erica
  8028 | D:8      | Reached skill level 12 in Axes
  8134 | D:8      | Noticed a two-headed ogre
  8141 | D:8      | Killed a two-headed ogre
  8476 | D:9      | Found a sacrificial altar of Ru.
  8530 | D:9      | Reached skill level 13 in Axes
  8625 | D:9      | Found a sparkling altar of Nemelex Xobeh.
  8659 | D:9      | Reached XP level 11. HP: 90/99 MP: 3/10
  8679 | D:9      | Found a staircase to the Lair.
  8731 | D:9      | Noticed a two-headed ogre
  8745 | D:9      | Killed a two-headed ogre
  8745 | D:9      | Reached skill level 10 in Fighting
  9182 | D:9      | Noticed a two-headed ogre
  9185 | D:9      | Killed a two-headed ogre
  9325 | D:9      | Found a basalt altar of Yredelemnul.
  9470 | D:9      | Reached skill level 14 in Axes
  9709 | D:10     | Entered Level 10 of the Dungeon
  9871 | Lair:1   | Entered Level 1 of the Lair of Beasts
 10390 | Lair:1   | Noticed Fannar
 10404 | Lair:1   | Killed Fannar
 10788 | Lair:1   | Reached skill level 15 in Axes
 11145 | Lair:2   | Reached XP level 12. HP: 80/110 MP: 3/11
 11494 | Lair:2   | Reached skill level 16 in Axes
 11499 | Lair:2   | Found a staircase to the Shoals.
 12180 | Lair:2   | Noticed Nergalle
 12190 | Lair:2   | Killed Nergalle
 12789 | Lair:3   | Found a staircase to the Snake Pit.
 12789 | Lair:3   | Noticed Snorg
 12801 | Lair:3   | Received a gift from Trog
 12807 | Lair:2   | HP: 4/112 [Snorg (5)]
 14042 | Lair:4   | Reached skill level 17 in Axes
 14682 | Lair:4   | Noticed a four-headed hydra
 14687 | Lair:4   | Killed a six-headed hydra
 14805 | Lair:4   | Reached XP level 13. HP: 117/119 MP: 4/12
 15858 | Lair:5   | Found a staircase to the Slime Pits.
 15885 | Slime:1  | Entered Level 1 of the Pits of Slime
 15885 | Slime:1  | Noticed an azure jelly
 15894 | Slime:1  | Killed an azure jelly
 16167 | Slime:1  | Noticed an acid blob
 16173 | Slime:1  | Killed an acid blob
 16173 | Slime:1  | Reached skill level 18 in Axes
 16264 | Slime:1  | Noticed an azure jelly
 16266 | Slime:2  | Noticed an acid blob
 16277 | Slime:1  | Killed an azure jelly
 16737 | Slime:2  | Noticed an azure jelly
 16748 | Slime:1  | HP: 3/122 [azure jelly (8)]
 16748 | Slime:1  | Mangled by an azure jelly

Skill      XL: |  1  2  3  4  5  6  7  8  9 10 11 12 13 |
---------------+----------------------------------------+-----
Axes           | 4 5 6 7 9 11 13 15 17 18 | 18.3
Fighting       | 4 5 6 7 8 9 11 12 13 | 13.2
Armour         | 3 4 5 6 7 9 11 12 13 | 13.5
Dodging        | 3 4 5 6 7 |  7.0
Evocations     | 1 |  1.2
Stealth        | |  0.1

Action                   |  1- 3 |  4- 6 |  7- 9 | 10-12 | 13-15 || total
-------------------------+-------+-------+-------+-------+-------++-------
Melee: Hand axe          |    84 |   126 |   237 |    63 |       ||   510
       Headbutt          |    12 |    26 |    49 |    98 |    27 ||   212
       Battleaxe         |       |       |       |   440 |    90 ||   530
Invok: Berserk           |       |     1 |     8 |    12 |     5 ||    26
       Burn Spellbooks   |       |       |     2 |     3 |       ||     5
 Abil: Evoke Flight      |       |       |     1 |       |       ||     1
Evoke: Phial of floods   |       |       |     1 |       |       ||     1
  Use: Potion            |       |     1 |     3 |     5 |       ||     9
       Scroll            |       |       |     2 |     8 |     2 ||    12
  Eat: Chunk             |     2 |     8 |    10 |    29 |     3 ||    52
       Meat ration       |       |       |     1 |     1 |     2 ||     4
       Fruit             |       |       |     3 |     3 |       ||     6
       Bread ration      |       |       |     1 |       |       ||     1
Armor: Animal skin       |    10 |       |       |       |       ||    10
       Ring mail         |    21 |    45 |    47 |       |       ||   113
       Chain mail        |       |       |    27 |   249 |    74 ||   350
Dodge: Dodged            |    64 |    84 |   145 |   283 |    53 ||   629
